 Dungeon Crawl Stone Soup version 0.21.1 (webtiles) character file.

64549 letownia2 the Brawler (level 15, -10/122 HPs)
             Began as a Formicid Artificer on Feb 2, 2018.
             Was an Initiate of Gozag.
             Mangled by a wolf spider (25 damage)
             ... on level 1 of the Spider Nest.
             The game lasted 00:58:49 (21289 turns).

letownia2 the Brawler (Formicid Artificer)         Turns: 21289, Time: 00:58:50

Health: -10/122    AC: 21    Str: 27    XL:     15   Next: 54%
Magic:  18/18      EV:  9    Int: 17    God:    Gozag
Gold:   1701       SH: 18    Dex: 11    Spells: 3/19 levels left

rFire    . . .     SeeInvis +     - Unarmed
rCold    . . .     Gourm    .   R - +6 shield "Diell" {rElec Str+4}
rNeg     . . .     Faith    .   A - +1 plate armour {MR+}
rPois    +         Spirit   .   (helmet unavailable)
rElec    +         Reflect  .   D - +0 cloak
rCorr    .         Harm     .   z - +1 pair of gloves
MR       ++...                  e - +1 pair of boots
Stlth    ..........             y - amulet "Riynuas" {*Slow +Rage Str+8}
HPRegen  0.30/turn              q - ring of poison resistance
MPRegen  0.16/turn              K - +2 ring of slaying

@: gold aura
A: permanent stasis, dig shafts and tunnels, four strong arms, antennae 3, weak
1
a: Dig, Shaft Self, Potion Petition, Call Merchant, Bribe Branch, Renounce
Religion


You were on level 1 of the Spider Nest.
You worshipped Gozag.
Gozag was most pleased with you.
You were not hungry.

You visited 4 branches of the dungeon, and saw 21 of its levels.
You also visited: Trove.

You collected 6822 gold pieces.
You spent 426 gold pieces at shops.
You paid 4695 gold pieces to Gozag.

Inventory:

Hand Weapons
 t - a +3 vampiric bardiche
 I - a +3 shortbow of flaming
Missiles
 j - 3 throwing nets
 E - 4 steel javelins (quivered)
 J - 124 arrows
Armour
 e - a +1 pair of boots (worn)
 z - a +1 pair of gloves (worn)
 A - a +1 plate armour of magic resistance (worn)
 D - a +0 cloak (worn)
 R - the +6 shield "Diell" (worn) {rElec Str+4}
   (You found it on level 10 of the Dungeon)

   It affects your strength (+4).
   It insulates you from electricity.
Jewellery
 n - an uncursed ring of ice
 p - an uncursed ring of positive energy
 q - a ring of poison resistance (left hand)
 y - the amulet "Riynuas" (around neck) {*Slow +Rage Str+8}
   (You found it in a treasure trove)

   [amulet of rage]

   It affects your strength (+8).
   It lets you go berserk.
   It may slow you when you take damage.
 K - a +2 ring of slaying (right hand)
Wands
 b - a wand of digging (16)
 c - a wand of flame (108)
 d - a wand of enslavement (9)
 v - a wand of polymorph (27)
 P - a wand of clouds (2)
Scrolls
 a - 2 scrolls of brand weapon {unknown}
 i - 4 scrolls of blinking {unknown}
 k - 2 scrolls of fog {unknown}
 s - 3 scrolls of remove curse
 x - 2 scrolls of silence {unknown}
 F - a scroll of immolation
 M - a scroll of magic mapping {unknown}
Potions
 h - a potion of cancellation
 l - 2 potions of degeneration
 m - 4 potions of lignification
 o - 3 potions of resistance {unknown}
 u - 2 potions of heal wounds
 w - 2 potions of curing
 C - 5 potions of might
 G - 3 potions of brilliance {unknown}
 L - 5 potions of agility
 N - 2 potions of magic
 O - 2 potions of flight
 Q - a potion of mutation {unknown}
Miscellaneous
 V - a phial of floods
 W - a lightning rod (inert)
Comestibles
 f - 2 rations


   Skills:
 - Level 12.6 Fighting
   Level 1.0 Short Blades
 - Level 8.6 Armour
 - Level 3.6 Dodging
 - Level 1.2 Stealth
 - Level 10.1 Shields
 + Level 18.7 Unarmed Combat
 - Level 2.6 Spellcasting
 - Level 3.2 Evocations


You had 3 spell levels left.
You knew the following spells:

 Your Spells              Type           Power        Failure   Level  Hunger
g - Regeneration          Chrm/Necr      #.........   99%         3    ###....
i - Silence               Hex/Air        #.........   100%        5    ######.
r - Deflect Missiles      Chrm/Air       #.........   100%        6    #######
s - Swiftness             Chrm/Air       #.......     95%         2    ##.....


Dungeon Overview and Level Annotations

Branches:
Dungeon (12/15)            Temple (0/1) D:6            Lair (6/6) D:10
 Shoals (0/4) Lair:4       Spider (1/4) Lair:4        Slime (0/5) Lair:6
    Orc (2/2) D:12            Elf (0/3) Orc:2

Altars:
Cheibriados
Dithmenos
Gozag
Hepliaklqana
Kikubaaqudgha
Makhleb
Nemelex Xobeh
Qazlal
Ru
Sif Muna
Trog
Xom
Zin
The Shining One
Beogh
Jiyva

Shops:
D:8 ?[   D:10 *   Orc:2 :(*[   Lair:2 %*[[

Portals:
Abyss: D:11

Annotations:
Lair:3 Gastronok
Lair:6 1 runed door


Innate Abilities, Weirdness & Mutations

You cannot be hasted, slowed, berserked, paralysed or teleported.
You can dig through walls and to a lower floor.
Your four strong arms can wield two-handed weapons with a shield.
You have a pair of large antennae on your head. (SInv)
You are weak. (Str -2)


Message History

You block the wolf spider's attack. x3
The wolf spider bites you but does no damage.
You punch the wolf spider!
The wolf spider is moderately wounded.
The moth of wrath is no longer distracted by gold.
You block the wolf spider's attack.
The wolf spider bites you but does no damage.
Unknown command.
You barely miss the wolf spider.
The wolf spider is moderately wounded.
You block the wolf spider's attack. x2; The wolf spider hits you!
* * * LOW HITPOINT WARNING * * *
The wolf spider bites you.
* * * LOW HITPOINT WARNING * * *
Unknown command.
You closely miss the wolf spider.
The wolf spider is moderately wounded.
The wolf spider hits you!!
You die...
Your body crumbles into a pile of gold.

...#....##!##...# ##
....##.....#...# #.#
#.##s?..#....# #..#
##ss.##.s?${.##?##
..#..##s{$..#####{.....#
......$s##..#..{{s####...
##..#yss#...##......# ..
# #.#s###....##..###..
#...@#....##...#...
###^#######..#..#..# #.#
#..........#
#....##...#.#.###
........<##..##{
.#.#...#..#..# .#
###....##..# . ...#>..
..# #..##.#..###


You could see a wolf spider (berserk), a moth of wrath, an orb spider and 3
redbacks.

Vanquished Creatures
  An orc warlord (Orc:2)
  Nessos (Orc:2)
  5 dire elephants (Lair:6)
  An ettin (Orc:2)
  Snorg (Lair:4)
  An ogre mage (Orc:1)
  Josephine (Lair:5)
  Harold (Lair:3)
  A vault guard (D:11)
  6 hydras
  An anaconda (Lair:6)
  5 two-headed ogres
  2 death yaks (D:10)
  3 orc high priests
  3 orc knights
  2 wolf spiders (Lair:4)
  A manticore (D:12)
  5 cyclopes
  3 orc sorcerers (Orc:2)
  A deep elf mage (D:9)
  9 black mambas
  4 elephants (Lair:6)
  Psyche (D:10)
  A gargoyle (D:11)
  6 spiny frogs
  7 komodo dragons
  3 rime drakes
  A red devil (D:11)
  A jumping spider (Lair:4)
  2 polar bears (Lair:3)
  4 trolls
  10 hippogriffs
  3 blink frogs (Lair:3)
  5 dream sheep (Lair:5)
  A snapping turtle (Lair:4)
  2 wyverns
  5 redbacks
  36 yaks
  3 basilisks
  Grum (D:10)
  A human (D:10)
  3 wraiths (Lair:5)
  A hungry ghost (D:9)
  2 steam dragons
  An acid dragon (D:12)
  12 water moccasins
  8 porcupines
  30 orc warriors
  6 ice beasts
  A sky beast (D:10)
  A black bear (D:8)
  2 necrophages
  8 wolves
  3 phantoms
  12 ogres
  4 centaurs
  13 crocodiles
  19 bullfrogs
  3 big kobolds
  A gnoll shaman (D:5)
  A water moccasin zombie (D:8)
  A wyvern skeleton (D:12)
  3 scorpions
  The ghost of garbagetei the Charmwright, a weakling GnSk (D:3)
  37 killer bees
  9 wights
  4 howler monkeys
  A centaur zombie (D:9)
  2 crimson imps
  A bullfrog zombie (D:8)
  A quasit (D:8)
  A centaur skeleton (D:11)
  8 hounds
  16 orc priests
  3 jellies
  16 orc wizards
  3 bullfrog skeletons
  7 iguanas
  A hell rat (D:10)
  8 worker ants
  A hound skeleton (D:6)
  A worker ant zombie (D:11)
  A howler monkey zombie (D:8)
  2 gnolls (D:5)
  2 river rats (D:10)
  11 adders
  2 shadow imps
  2 oozes (D:1)
  An adder zombie (D:5)
  2 adder skeletons
  A worm (D:4)
  3 dart slugs
  4 leopard geckos
  62 orcs
  3 giant cockroaches
  6 goblins
  5 hobgoblins
  17 jackals
  19 kobolds
  5 quokkas
  2 ball pythons
  12 bats
  3 frilled lizards
  A jackal skeleton (D:5)
  A quokka skeleton (D:6)
  12 rats
  A fungus (Lair:1)
  6 plants
593 creatures vanquished.

Vanquished Creatures (collateral kills)
  A bullfrog skeleton (D:5)
  A worker ant (D:5)
  A gnoll (D:5)
3 creatures vanquished.

Vanquished Creatures (others)
  An orc wizard (Orc:2)
  6 plants
7 creatures vanquished.

Grand Total: 603 creatures vanquished

Notes
Turn   | Place    | Note
-------+----------+-------------------------------------------
     0 | D:1      | letownia2 the Formicid Artificer began the quest for the Orb.
     0 | D:1      | Reached XP level 1. HP: 15/15 MP: 3/3
    60 | D:2      | Found a snail-covered altar of Cheibriados.
    78 | D:2      | Reached XP level 2. HP: 16/22 MP: 4/4
   175 | D:2      | Found a stormy altar of Qazlal.
   175 | D:2      | Noticed a water elemental
   323 | D:3      | Found a hazy altar of Hepliaklqana.
   323 | D:3      | Found a bloodstained altar of Trog.
   495 | D:3      | Reached XP level 3. HP: 27/29 MP: 5/5
   742 | D:4      | Reached XP level 4. HP: 30/37 MP: 6/6
   958 | D:4      | Reached XP level 5. HP: 13/43 MP: 2/7
  1268 | D:4      | Reached skill level 5 in Fighting
  1319 | D:4      | Noticed an ogre
  1432 | D:4      | Killed an ogre
  1432 | D:4      | Reached XP level 6. HP: 52/52 MP: 8/8
  2087 | D:5      | Entered Level 5 of the Dungeon
  2087 | D:5      | Found an opulent altar of Gozag.
  2087 | D:5      | Noticed an ogre
  2093 | D:5      | Became a worshipper of Gozag Ym Sagoz the Greedy
  2094 | D:5      | Killed an ogre
  2156 | D:5      | Noticed an ice beast
  2165 | D:5      | Reached XP level 7. HP: 56/60 MP: 9/9
  2276 | D:3      | Reached skill level 1 in Armour
  2375 | D:2      | Noticed a fire elemental
  2507 | D:2      | Noticed an air elemental
  3204 | D:3      | Noticed garbagetei's ghost (weakling GnSk)
  3239 | D:3      | Killed garbagetei's ghost
  3822 | D:5      | Found a sparkling altar of Nemelex Xobeh.
  3840 | D:5      | Reached XP level 8. HP: 50/68 MP: 8/10
  3840 | D:5      | Reached skill level 1 in Unarmed Combat
  3855 | D:5      | Reached skill level 2 in Unarmed Combat
  3948 | D:5      | Reached skill level 3 in Unarmed Combat
  4754 | D:6      | Found a glowing golden altar of the Shining One.
  4888 | D:6      | Reached XP level 9. HP: 70/78 MP: 11/11
  4898 | D:6      | Found a staircase to the Ecumenical Temple.
  5009 | D:6      | Reached skill level 10 in Fighting
  5103 | D:6      | Reached skill level 1 in Shields
  5621 | D:7      | Reached skill level 5 in Shields
  5629 | D:7      | Noticed a hippogriff
  5642 | D:7      | Killed a hippogriff
  5970 | D:7      | Reached skill level 4 in Unarmed Combat
  6699 | D:8      | Reached XP level 10. HP: 85/86 MP: 10/12
  6826 | D:8      | Reached skill level 5 in Unarmed Combat
  6982 | D:8      | Found a shimmering altar of Xom.
  6983 | D:8      | Found an ancient bone altar of Kikubaaqudgha.
  6984 | D:8      | Found a shadowy altar of Dithmenos.
  6984 | D:8      | Found a burning altar of Makhleb.
  6985 | D:8      | Found an opulent altar of Gozag.
  6986 | D:8      | Found a glowing golden altar of the Shining One.
  6987 | D:8      | Found a sacrificial altar of Ru.
  7107 | D:8      | Found a deep blue altar of Sif Muna.
  7309 | D:8      | Reached skill level 6 in Unarmed Combat
  7388 | D:8      | Found Pumyji's Magic Scroll Boutique.
  7394 | D:8      | Bought a scroll of random uselessness for 12 gold pieces
  7455 | D:9      | HP: 1/86 [wyvern (5)]
  7923 | D:9      | Reached skill level 7 in Unarmed Combat
  8039 | D:9      | Noticed a two-headed ogre
  8161 | D:9      | Noticed a two-headed ogre
  8563 | D:9      | Reached skill level 8 in Unarmed Combat
  8669 | D:10     | Entered Level 10 of the Dungeon
  8671 | D:10     | Noticed a death yak
  8934 | D:10     | Found a staircase to the Lair.
  9385 | D:9      | Noticed a deep elf mage
  9391 | D:9      | Killed a deep elf mage
  9391 | D:9      | Reached skill level 9 in Unarmed Combat
  9391 | D:9      | Reached XP level 11. HP: 80/92 MP: 13/13
  9404 | D:9      | Killed a two-headed ogre
  9404 | D:9      | Reached skill level 10 in Unarmed Combat
  9680 | D:10     | Got a twisted shield
  9691 | D:10     | Identified the +6 shield "Diell" {rElec Str+4} (You found it on level 10 of the Dungeon)
  9716 | D:10     | Noticed Psyche
  9717 | D:10     | Noticed Grum
  9742 | D:10     | Killed Psyche
  9752 | D:10     | Killed Grum
  9897 | D:10     | Found a glowing silver altar of Zin.
  9982 | D:10     | Noticed a death yak
  9984 | D:10     | Noticed a death yak
  9994 | D:10     | Killed a death yak
 10001 | D:10     | Killed a death yak
 10001 | D:10     | Reached skill level 10 in Shields
 10108 | D:10     | Found Urphache's General Store.
 10610 | D:11     | Noticed a cyclops
 10619 | D:11     | Killed a cyclops
 10717 | D:11     | Noticed a six-headed hydra
 10741 | D:11     | Noticed a cyclops
 10959 | D:11     | Noticed a vault guard
 10980 | D:11     | Killed a vault guard
 10980 | D:11     | Reached skill level 11 in Unarmed Combat
 10980 | D:11     | Reached XP level 12. HP: 94/99 MP: 12/14
 10999 | D:11     | Found a portal to a secret trove of treasure.
 11223 | D:11     | Reached skill level 12 in Unarmed Combat
 11246 | D:11     | Found a one-way gate to the infinite horrors of the Abyss.
 11414 | Lair:1   | Entered Level 1 of the Lair of Beasts
 11631 | Lair:1   | Got a heavily runed ring mail
 11839 | Lair:1   | Reached skill level 13 in Unarmed Combat
 12062 | Lair:2   | Bought a scroll labeled NITHRI ISIPUPNO for 30 gold pieces
 12062 | Lair:2   | Bought a scroll of identify for 60 gold pieces
 12062 | Lair:2   | Bought a scroll of identify for 60 gold pieces
 12091 | Lair:2   | Identified the +2 ring mail of Words of Power {MR+ Dex+3 SInv} (You found it on level 1 of the Lair of Beasts)
 12100 | Lair:2   | Learned a level 3 spell: Regeneration
 12274 | Lair:2   | Reached skill level 14 in Unarmed Combat
 12294 | Lair:2   | Reached XP level 13. HP: 105/105 MP: 15/15
 12733 | Lair:2   | Noticed an eight-headed hydra
 12744 | Lair:2   | Killed an eight-headed hydra
 13099 | Lair:3   | Reached skill level 15 in Unarmed Combat
 13168 | Lair:3   | Noticed Gastronok
 13325 | Lair:3   | Noticed an eight-headed hydra
 13337 | Lair:3   | Killed an eight-headed hydra
 13383 | Lair:3   | Noticed Harold
 13401 | Lair:3   | Killed Harold
 13633 | Lair:3   | Noticed a five-headed hydra
 13641 | Lair:3   | Killed a five-headed hydra
 13839 | Lair:3   | Reached skill level 16 in Unarmed Combat
 14161 | Lair:4   | Noticed Snorg
 14174 | Lair:4   | Killed Snorg
 14353 | Lair:4   | Found a hole to the Spider Nest.
 14680 | Lair:4   | Found a staircase to the Shoals.
 14846 | D:11     | Killed a six-headed hydra
 14846 | D:11     | Reached XP level 14. HP: 106/114 MP: 13/16
 15267 | D:12     | Found a staircase to the Orcish Mines.
 15296 | D:12     | Reached skill level 1 in Spellcasting
 15653 | Orc:1    | Entered Level 1 of the Orcish Mines
 16049 | Orc:1    | Reached skill level 17 in Unarmed Combat
 16193 | Orc:2    | Entered Level 2 of the Orcish Mines
 16610 | Orc:2    | Gained mutation: You are weak. (Str -2) [a neqoxec]
 16618 | Orc:1    | Learned a level 5 spell: Silence
 16625 | Orc:1    | Learned a level 6 spell: Deflect Missiles
 16712 | Orc:2    | Found a staircase to the Elven Halls.
 17481 | Orc:2    | Noticed an orc warlord
 17762 | Orc:2    | Killed an orc warlord
 17762 | Orc:2    | Reached skill level 18 in Unarmed Combat
 17778 | Orc:2    | Reached skill level 5 in Armour
 17780 | Orc:2    | Found a roughly hewn altar of Beogh.
 17870 | Orc:2    | Found Ystrang's General Store.
 17890 | Orc:2    | Bought a scroll of identify for 34 gold pieces
 17970 | Orc:2    | Found Ocock's Antique Weapon Shop.
 18066 | Orc:2    | Found Efag's Book Shop.
 18080 | Orc:2    | Found Asofaon's Antique Armour Shop.
 18160 | Orc:2    | Noticed Nessos
 18175 | Orc:2    | Killed Nessos
 18380 | D:10     | Bought a ration for 65 gold pieces
 18380 | D:10     | Bought a ration for 65 gold pieces
 18544 | Lair:2   | Bought a ration for 50 gold pieces
 18544 | Lair:2   | Bought a ration for 50 gold pieces
 18621 | Lair:5   | Reached XP level 15. HP: 108/122 MP: 14/18
 19128 | Lair:5   | Noticed Josephine
 19147 | Lair:5   | Killed Josephine
 19370 | Lair:6   | Entered Level 6 of the Lair of Beasts
 19394 | Lair:6   | Found a runed door.
 19523 | Lair:6   | Found a viscous altar of Jiyva.
 19523 | Lair:6   | Found a staircase to the Slime Pits.
 19523 | Lair:6   | Noticed an acid blob
 19523 | Lair:6   | Noticed an acid blob
 19523 | Lair:6   | Noticed an acid blob
 19523 | Lair:6   | Noticed an acid blob
 20880 | Lair:2   | Learned a level 2 spell: Swiftness
 20994 | D:11     | You paid a toll of 20 scrolls of identify to enter a treasure trove
 20995 | Trove    | Entered a treasure trove
 21047 | Trove    | Got a heavily runed tin amulet
 21056 | Trove    | Identified the amulet "Riynuas" {*Slow +Rage Str+8} (You found it in a treasure trove)
 21235 | Spider:1 | Entered Level 1 of the Spider Nest
 21289 | Spider:1 | Mangled by a wolf spider

Skill      XL: |  1  2  3  4  5  6  7  8  9 10 11 12 13 14 15 |
---------------+----------------------------------------------+-----
Fighting       | 2 3 4 6 7 8 9 10 11 12 | 12.6
Armour         | 3 4 5 8 |  8.6
Unarmed Combat | 3 4 9 11 14 16 18 | 18.7
Shields        | 6 10 | 10.1
Dodging        | 2 3 |  3.6
Spellcasting   | 2 |  2.6
Short Blades   | |  1.0
Stealth        | |  1.2
Evocations     | |  3.2

Action                   |  1- 3 |  4- 6 |  7- 9 | 10-12 | 13-15 || total
-------------------------+-------+-------+-------+-------+-------++-------
Melee: Short sword       |    87 |   121 |    79 |       |       ||   287
       Lajatang          |       |       |   166 |       |       ||   166
       Flail             |       |       |   243 |   182 |       ||   425
       Punch             |       |       |     1 |       |       ||     1
       Dagger            |       |       |    23 |       |       ||    23
       Unarmed           |       |       |       |   658 |  1051 ||  1709
Throw: Stone             |     3 |     2 |       |       |       ||     5
       Javelin           |       |       |    23 |     4 |    10 ||    37
Invok: Call Merchant     |       |       |       |     3 |     2 ||     5
 Abil: Dig               |     3 |       |     7 |    15 |    35 ||    60
Evoke: Wand              |       |    13 |    17 |    13 |    24 ||    67
       Lightning rod     |       |       |       |       |     4 ||     4
  Use: Scroll            |       |       |     4 |    11 |     4 ||    19
       Potion            |       |       |       |       |     5 ||     5
 Stab: Sleeping          |     1 |       |       |       |     1 ||     2
       Paralysed         |       |     3 |       |       |       ||     3
       Distracted        |       |       |     3 |     4 |     8 ||    15
  Eat: Chunk             |       |     3 |       |       |       ||     3
       Ration            |       |     1 |     4 |     7 |    10 ||    22
Armor: Leather armour    |     9 |       |    25 |       |       ||    34
       Ring mail         |    45 |    29 |   103 |     5 |    72 ||   254
       Scale mail        |       |       |   137 |   266 |       ||   403
       Plate armour      |       |       |       |       |    81 ||    81
       Skin              |       |       |       |       |    13 ||    13
Dodge: Dodged            |    63 |    70 |   319 |   348 |   171 ||   971
Block: Buckler           |       |       |    43 |   135 |       ||   178
       Shield            |       |       |       |   250 |   593 ||   843
